 Dungeon Crawl Stone Soup version 0.24-a0-778-g74da537585 (webtiles) character file.

Game seed: 18363660977370062681, levelgen mode: deterministic

1194 Arixos the Magician (level 8, -5/61 HPs)
             Began as a Deep Elf Wizard on Oct 7, 2019.
             Was an Initiate of Vehumet.
             Slain by an orc warrior
             ... wielding a +0 short sword
              (8 damage)
             ... on level 6 of the Dungeon.
             The game lasted 00:58:33 (8601 turns).

Arixos the Magician (Deep Elf Wizard)               Turns: 8601, Time: 00:58:33

Health: -5/61      AC: 24    Str:  4    XL:     8   Next: 20%
Magic:  1/20       EV:  2    Int: 26    God:    Vehumet [......]
Gold:   458        SH:  0    Dex: 13    Spells: 10/21 levels left

rFire    . . .     SeeInvis .   i - staff of wizardry
rCold    . . .     Gourm    .   (no shield)
rNeg     + + +     Faith    .   (armour currently unavailable)
rPois    +         Spirit   .   (helmet currently unavailable)
rElec    .         Reflect  .   (cloak currently unavailable)
rCorr    .         Harm     .   (gloves currently unavailable)
MR       .....     NoTele   +   (boots currently unavailable)
Stlth    ++........             (no amulet)
HPRegen  0.20/turn              k - ring of positive energy
MPRegen  0.17/turn              (no ring)

@: tree-form, very slightly contaminated
A: no striking features
a: Renounce Religion


You were on level 6 of the Dungeon.
You worshipped Vehumet.
Vehumet was noncommittal.
You were very hungry.
You were a tree.
You visited 2 branches of the dungeon, and saw 7 of its levels.
You also visited: Ossuary.

You collected 458 gold pieces.

Inventory:

Hand Weapons
 l - a +4 quarterstaff of chaos
Armour
 a - a +0 robe (melded)
 b - a +0 hat (melded)
 m - a +1 cloak (melded)
Magical Staves
 i - an uncursed staff of wizardry (weapon)
 o - an uncursed staff of poison
Jewellery
 k - a ring of positive energy (left branch)
Wands
 c - a wand of flame (25)
Scrolls
 g - a scroll of remove curse
 j - 3 scrolls of enchant armour
 s - a scroll of amnesia {unknown}
 u - a scroll of identify
Potions
 e - a potion of haste {unknown}
 h - a potion of might {unknown}
 n - 2 potions of brilliance {unknown}
 q - a potion of agility
Comestibles
 d - 5 rations


   Skills:
 + Level 4.9 Dodging
 - Level 2.4 Stealth
 + Level 7.0 Spellcasting
 + Level 3.9 Conjurations
 + Level 3.6 Summonings
 + Level 3.7 Translocations
 + Level 3.1 Fire Magic
 + Level 2.7 Air Magic
 + Level 3.2 Poison Magic


You had 10 spell levels left.
You knew the following spells:

 Your Spells              Type           Power        Failure   Level  Hunger
a - Magic Dart            Conj           ####         1%          1    None
c - Mephitic Cloud        Conj/Pois/Air  ####....     1%          3    None
e - Blink                 Tloc           N/A          1%          2    None
f - Conjure Flame         Conj/Fire      ####....     1%          3    None
i - Call Imp              Summ           ####....     1%          2    None

Your spell library contained the following spells:

 Spells                   Type           Power        Failure   Level  Hunger
 Slow                     Hex            #.......     4%          2    None


Dungeon Overview and Level Annotations

Branches:
Dungeon (6/15)             Temple (1/1) D:5         Ossuary (visited)

Altars:
Ashenzari
Cheibriados
Dithmenos
Elyvilon
Fedhas
Gozag
Hepliaklqana
Kikubaaqudgha
Makhleb
Nemelex Xobeh
Okawaru
Qazlal
Ru
Sif Muna
Trog
Uskayaw
Vehumet
Wu Jian
Xom
Yredelemnul
Zin
The Shining One

Annotations:
D:3 1 runed translucent door, Mictavius's ghost, amateur BaSk


Message History

* * * LOW HITPOINT WARNING * * *
Okay, then.
Okay, then.
Okay, then.
It was a potion of lignification.
You turn into a tree.
Your +1 cloak melds into your body.
Your +0 hat melds into your body.
Your +0 robe melds into your body.
Your roots penetrate the ground.
The orc warrior hits you but does no damage.
You barely miss the orc warrior.
The orc warrior is almost dead.
The orc warrior hits you but does no damage. x2
You closely miss the orc warrior.
The orc warrior is almost dead.
Your crimson imp barely misses the orc warrior.
The orc warrior hits you but does no damage.
You hit the orc warrior but do no damage.
The orc warrior is almost dead.
Your crimson imp misses the orc warrior.
The orc warrior hits you with a +0 short sword!
You die...

,,,.(........$....##.,,,,,***,,,,
,,,.......................,,,,,,,
,,,........................,,,,,,
,,,.........................,,,,,
,,,..........................,,,,
,,,...........................,,,
,,,...........................,,,
,,,...).......................,,,
,,,.............♣o55..........,,,
,,,............#.##...........,,,
***#.......#####.###..........,,,
###########.####.# ##.........,,,
....## ##..#..# ##........,,,
...<.## #....## ##...........
####..## ##...# #.##.........
#...#####...## #.#*........o
#...........# #5##*........


You could see an orc warrior and 2 friendly crimson imps.

Vanquished Creatures
  Grinder (D:3)
  A hornet (D:5)
  An ogre (D:5)
  A killer bee (D:3)
  A jelly (D:6)
  Crazy Yiuf (D:3)
  A bullfrog skeleton (D:5)
  An orc priest (D:6)
  An iguana (D:5)
  3 worker ants
  A hound zombie (D:5)
  A hound skeleton (D:5)
  4 mummies
  A gnoll (D:1)
  2 adders (D:2)
  3 shadow imps
  3 adder skeletons (D:4)
  2 worms
  6 dart slugs
  7 leopard geckos
  7 orcs
  10 bats
  3 giant cockroaches
  13 goblins
  7 hobgoblins
  A quokka (D:5)
  6 frilled lizards
  A gnoll zombie (Ossuary)
  9 kobolds
  An orc zombie (Ossuary)
  12 rats
112 creatures vanquished.

Vanquished Creatures (collateral kills)
  A sky beast (D:5)
  A bullfrog (D:4)
  3 killer bees (D:5)
  A crimson imp (D:5)
  An orc priest (D:6)
  A bullfrog skeleton (D:5)
  2 iguanas
  2 worker ants (D:5)
  A killer bee zombie (D:5)
  5 mummies (Ossuary)
  2 adders
  A leopard gecko (D:3)
  An orc (D:6)
  2 giant cockroaches
  A gnoll zombie (Ossuary)
  7 jackals
  A ball python zombie (D:5)
  A bat (D:3)
  A hobgoblin zombie (Ossuary)
  2 kobold zombies (Ossuary)
  2 orc zombies (Ossuary)
39 creatures vanquished.

Grand Total: 151 creatures vanquished

Notes
Turn   | Place    | Note
-------+----------+-------------------------------------------
     0 | D:1      | Arixos the Deep Elf Wizard began the quest for the Orb.
     0 | D:1      | Reached XP level 1. HP: 10/10 MP: 7/7
   148 | D:1      | Reached skill level 5 in Spellcasting
   148 | D:1      | Reached XP level 2. HP: 8/15 MP: 5/10
   288 | D:1      | Learned a level 2 spell: Blink
   291 | D:1      | Learned a level 2 spell: Call Imp
   697 | D:1      | Reached XP level 3. HP: 19/19 MP: 9/12
   702 | D:1      | Learned a level 3 spell: Conjure Flame
   706 | D:1      | Learned a level 3 spell: Mephitic Cloud
  1620 | D:2      | Reached XP level 4. HP: 24/24 MP: 4/13
  1807 | D:2      | Reached skill level 1 in Poison Magic
  1903 | D:2      | Found a shattered altar of Ashenzari.
  2353 | D:3      | Found a runed translucent door.
  2354 | D:3      | Noticed Crazy Yiuf
  2371 | D:3      | Found a runed translucent door.
  2371 | D:3      | Noticed Mictavius's ghost (amateur BaSk)
  2407 | D:3      | Killed Crazy Yiuf
  2407 | D:3      | Reached skill level 1 in Fire Magic
  2640 | D:3      | Reached XP level 5. HP: 28/28 MP: 10/15
  3556 | D:4      | Reached skill level 6 in Spellcasting
  3556 | D:4      | Reached skill level 1 in Air Magic
  3814 | D:4      | Noticed Grinder
  3909 | D:5      | Entered Level 5 of the Dungeon
  4060 | D:5      | Reached XP level 6. HP: 27/32 MP: 3/17
  4098 | D:5      | Found a sand-covered staircase.
  4211 | Ossuary  | Entered an ossuary
  4870 | D:5      | Noticed a hornet
  4907 | D:5      | Found the +10 dark maul {crush}
  5145 | D:4      | Paralysed by Grinder for 4 turns
  5580 | D:3      | Paralysed by Grinder for 5 turns
  5684 | D:3      | Killed Grinder
  5684 | D:3      | Reached XP level 7. HP: 23/36 MP: 1/18
  6430 | D:5      | Found a staircase to the Ecumenical Temple.
  6556 | Temple   | Entered the Ecumenical Temple
  6665 | Temple   | Became a worshipper of Vehumet
  6972 | D:5      | Killed a hornet
  7502 | D:5      | Reached XP level 8. HP: 41/41 MP: 10/20
  7688 | D:5      | Reached skill level 7 in Spellcasting
  8597 | D:6      | HP: 1/41 [orc warrior/+0 short sword (13)]
  8601 | D:6      | Slain by an orc warrior

Levels and vault maps discovered:
D:1:      nagdon_arrival_zigzag_paths, layout_basic
D:2:      layout_basic, nicolae_ashenzari_panopticon, chequers_decorated_corner
D:3:      layout_loops_ring, gammafunk_ghost_grave, lemuel_flame_loot_1,
          uniq_crazy_yiuf_cottage
D:4:      layout_basic, serial_curves, eino_curves_04, eino_curves_02,
          first_ration, uniq_grinder
D:5:      layout_basic, minmay_temple_entry_large_hall,
          gup_ossuary_entry_pyramid
D:6:      layout_layer_cave
Temple:   regret_index_temple_sigil_plot

Skill      XL: |  1  2  3  4  5  6  7  8 |
---------------+-------------------------+-----
Spellcasting   | 5 6 7 |  7.0
Dodging        | 3 4 |  4.9
Poison Magic   | 1 2 3 |  3.2
Conjurations   | 2 3 |  3.9
Fire Magic     | 1 2 3 |  3.1
Translocations | 2 3 |  3.7
Summonings     | 2 3 |  3.6
Air Magic      | 1 2 |  2.7
Stealth        | |  2.4

Action                   |  1- 3 |  4- 6 |  7- 9 || total
-------------------------+-------+-------+-------++-------
Melee: Hand axe          |       |     8 |       ||     8
       Quarterstaff      |       |    46 |       ||    46
       Staff             |       |       |    16 ||    16
 Cast: Magic Dart        |    93 |   130 |   109 ||   332
       Call Imp          |     2 |    72 |    41 ||   115
       Blink             |       |    10 |     8 ||    18
       Conjure Flame     |       |     1 |    12 ||    13
       Mephitic Cloud    |       |       |     4 ||     4
  Use: Scroll            |       |    10 |     4 ||    14
       Potion            |       |     8 |     1 ||     9
 Stab: Sleeping          |       |     1 |       ||     1
       Petrifying        |       |     1 |       ||     1
       Confused          |       |       |     1 ||     1
  Eat: Chunk             |     2 |    11 |     2 ||    15
       Ration            |       |       |     2 ||     2
Armor: Robe              |     2 |    22 |    10 ||    34
       Skin              |       |       |     4 ||     4
Dodge: Dodged            |     4 |    70 |    33 ||   107

Table legend:
 A = Non-vault XP
 B = Vault XP
 C = Vault XP percentage of total XP
 D = Non-vault monster count
 E = Vault monster count
 F = Vault count percentage of total count
                 A         B        C        D         E       F
            +---------+---------+-------+---------+---------+-------
      Total |    1427 |     280 |  16.4 |     132 |      19 |  12.6
            +---------+---------+-------+---------+---------+-------
        D:1 |      62 |       0 |   0.0 |      28 |       0 |   0.0
        D:2 |      89 |       0 |   0.0 |      35 |       0 |   0.0
        D:3 |     120 |     169 |  58.5 |      23 |       2 |   8.0
        D:4 |     102 |       0 |   0.0 |       5 |       0 |   0.0
        D:5 |     874 |      11 |   1.2 |      26 |       1 |   3.7
        D:6 |     144 |       0 |   0.0 |      14 |       0 |   0.0
     Temple |      36 |       0 |   0.0 |       1 |       0 |   0.0
    Ossuary |       0 |     100 | 100.0 |       0 |      16 | 100.0
            +---------+---------+-------+---------+---------+-------
